Map: Whispers of Gold

Players

wootwoot - Winner!

  • Race: Terran Terran
  • League: Diamond
  • Spawn Location: 5:00

Icygoose

  • Race: Protoss Protoss
  • League: Diamond
  • Spawn Location: 9:00

VOD

Have the link to the VOD?

Description

Time

  • Played on: April 22, 2025, 5:10 a.m.
  • Length: 2:51
Show
View Real Time Build Order
Export as new Build Order

wootwoot Terran - Winner!

Build Orders:  

Get SALT Encoding   

  12  0:00  SCV  
  13  0:12  SCV  
  14  0:17  Supply Depot  
  14  0:24  SCV  
  15  0:30  Refinery  
  15  0:45  Barracks  
  15  1:01  Barracks  
  15  1:24  Barracks  
  15  1:32  Reaper  
  16  1:48  Reaper  
  17  1:58  Refinery  
  17  2:04  Reaper  
  18  2:10  Orbital Command  
  18  2:13  Reaper  
Show
View Real Time Build Order
Export as new Build Order

Icygoose Protoss 

Build Orders: Forge Fast Expand (FFE) 

Get SALT Encoding   

  1  0:00  Probe  
  12  0:05  Probe  
  14  0:18  Pylon  
  14  0:22  Probe  
  15  0:36  Probe  
  15  0:40  Forge  
  16  0:48  Probe  
  17  0:59  Pylon  
  17  1:00  Probe  
  18  1:09  Probe  
  18  1:21  Probe  
  18  1:22  Nexus  
  19  1:31  Probe  
  19  1:35  Pylon  
  20  1:44  Gateway  
  20  1:54  Photon Cannon  
  20  1:59  Assimilator  
  20  2:01  Probe  
  21  2:13  Pylon  
  21  2:19  Assimilator  
  21  2:28  Pylon  
Tags
 
Add a new tag
Caveats
  • Supply blocks, unpowered buildings, or Contaminate may cause inaccurate times.
  • Supply counts are checked every 10 seconds.